Match 46238243
Unlisted

Match 46238243
End
Engineer Squad
Construct Weapon Support Center
Bazooka Squad
Selects Advanced Infantry Battlegroup
Scout Squad
M1919 Machine Gun Team
Infantry Support Center
.30 cal Machine Gun
Scout Squad
Construct Medical Station
Mortar Pit
Selects Artillery Observers
Bazooka Squad
Improved M9 Bazooka Rockets
Advanced Logistics
M1919 Machine Gun Team
Selects M2A1 105mm Howitzer Emplacement
Bazooka Squad
Bazooka Squad
Survival Training
Selects Free Fire Drills
Bazooka Squad
Engineer Squad
Demolitions Package
Munitions Surplus
Selects Convert to Ranger Squad
Selects Frontline Medical Station
Bazooka Squad
Brick_man
Nicilobster
Jishinki
jaws2005
Lupin
[PD] [9C] [FT] Claudius Tacitus
Nico-Nico-Nii~~
본부중대장
0
0

Comments sign in to comment!

No comments posted yet!